 Dungeon Crawl Stone Soup version 0.31-a0-259-g771a54ca4b (webtiles) character file.

Game seed: 341171934254423471

113 qw the Shooter (level 4, 0/36 HPs)
             Began as a Minotaur Hexslinger on July 13, 2023.
             Slain by a hobgoblin (2 damage)
             ... on level 3 of the Dungeon.
             The game lasted 00:00:46 (1723 turns).

qw the Shooter (Minotaur Hexslinger)                Turns: 1723, Time: 00:00:47

Health: 0/36       AC:  5    Str: 12      XL:     4   Next: 65%
Magic:  4/4        EV: 15    Int:  7 (10) God:
Gold:   155        SH:  0    Dex: 13 (15) Spells: 4/5 levels left

rFire   . . .        Y - +1 sling
rCold   . . .        (no shield)
rNeg    . . .        g - +0 ring mail
rPois   .            (helmet restricted)
rElec   .            (no cloak)
rCorr   .            (no gloves)
SInv    .            (no boots)
Will    .....        (no amulet)
Stlth   +            f - +5 ring of evasion
HPRegen 0.26/turn    (no ring)
MPRegen 0.09/turn

%: no passive effects
@: about to teleport
A: horns 2, retaliatory headbutt
a: no special abilities


You were on level 3 of the Dungeon.
You visited 1 branch of the dungeon, and saw 3 of its levels.

You collected 155 gold pieces.


Innate Abilities, Weirdness & Mutations

You have a pair of horns on your head.
You reflexively headbutt those who attack you in melee.


   Skills:
 + Level 2.1 Fighting
 - Level 5.0 Ranged Weapons
 - Level 1.0 Armour
 - Level 2.1 Dodging
 - Level 1.0 Spellcasting
 - Level 2.0 Hexes


You had 4 spell levels left.
You knew the following spells:

 Your Spells              Type           Power      Damage    Failure   Level
a - Slow                  Hex            12%        N/A       38%         1

Your spell library contained the following spells:

 Spells                   Type           Power      Damage    Failure   Level
 Inner Flame              Hex/Fire       1%         N/A       88%         3
 Portal Projectile        Hex/Tloc       2%         N/A       88%         3
 Cause Fear               Hex            1%         N/A       99%         4

Inventory:

Hand Weapons
 Y - a +1 sling (weapon)
Armour
 g - a +0 ring mail (worn)
Jewellery
 f - a +5 ring of evasion (left hand)
Scrolls
 a - a scroll of identify
 c - a scroll of revelation {unknown}
 h - a scroll of teleportation
Potions
 b - a potion of curing {unknown}
 d - a potion of enlightenment {unknown}

Dungeon Overview and Level Annotations

Branches:
Dungeon (3/15)

Altars:
Qazlal

Shops:
D:1 =


Message History

Something hits you but does no damage. Something hits you.
1707 ||| FLEEEEING.
Something hits you.
1708 ||| FLEEEEING.
1709 ||| FLEEEEING.
Something barely misses you.
1710 ||| STILL FLEEEEING.
1711 ||| FLEEEEING.
You see here a +0 dagger.
1712 ||| FLEEEEING.
Something hits you but does no damage.
1713 ||| STILL FLEEEEING.
Something hits you but does no damage.
1714 ||| FLEEEEING.
Something hits you but does no damage.
A magic dart appears from out of thin air!
The magic dart hits you.
Enter note:
Enter note:
1715 ||| FLEEEEING.
You hear some strange, mumbled words.
You are confused.
Something hits you. The goblin closely misses you. Something hits you.
You feel less confused.
An orc wizard appears from thin air!
Reactivating autopickup.
The hobgoblin hits you. The goblin hits you with a +0 club.
The orc wizard hits you but does no damage.
You shoot a sling bullet.
The sling bullet hits the orc wizard but does no damage.
The hobgoblin hits you but does no damage.
The goblin closely misses you. You furiously retaliate!
You headbutt the goblin!
You kill the goblin!
The orc wizard gestures at you while chanting.
The magic dart hits you.
1722 ||| READING 2 scrolls of teleportation.
As you read the scroll of teleportation, it crumbles to dust.
You feel strangely unstable.
The orc wizard gestures at you while chanting.
The magic dart hits you. The hobgoblin barely misses you.
You shoot a sling bullet.
The sling bullet hits the orc wizard but does no damage.
The hobgoblin hits you.
You die...

#.##.......#.####..#
#.# #####....####..#
#.###........g.....#
#..>..###........#.#
#######
##.#####)#.######..
#.# #..)........ #.#
#...######.. ..#
#og.# #.#####@).#
#.........#
#.#####...# #...#
#.#####...######
#..<....%.......
#######>########
#.########.#
#...<......#


You could see an orc wizard and a hobgoblin.

Vanquished Creatures
  4 adders
  2 worms
  2 dart slugs (D:2)
  7 orcs
  6 endoplasms
  4 giant cockroaches
  5 goblins
  4 hobgoblins
  5 kobolds
  4 quokkas
  5 ball pythons
  4 bats
  2 frilled lizards
  3 rats
57 creatures vanquished.

Notes
Turn   | Place    | Note
-------+----------+-------------------------------------------
     0 | D:1      | qw the Minotaur Hexslinger began the quest for the Orb.
     0 | D:1      | Reached XP level 1. HP: 16/16 MP: 1/1
     0 | D:1      | 0 ||| qw: Version: 0.3-a-52-g30416fa
     0 | D:1      | 0 ||| qw: Game counter: 6937
     0 | D:1      | 0 ||| qw: Melee chars always use a shield: true
     0 | D:1      | 0 ||| qw: God list: Okawaru
     0 | D:1      | 0 ||| qw: Allow faded altars: false
     0 | D:1      | 0 ||| qw: Do Orc after clearing Dungeon:15 true
     0 | D:1      | 0 ||| qw: Do second Lair branch before Depths: true
     0 | D:1      | 0 ||| qw: Lair rune preference: random
     0 | D:1      | 0 ||| qw: Goals: Normal
     0 | D:1      | 0 ||| PLANNING D:1-11
    79 | D:1      | Reached skill level 3 in Ranged Weapons
    79 | D:1      | Reached XP level 2. HP: 23/23 MP: 2/2
   129 | D:1      | Found Iqoick's Jewellery Shoppe.
   148 | D:1      | 148 ||| SHOPLISTING amulet of reflection (360 gold, have
                  | 67).
   148 | D:1      | 148 ||| SHOPLISTING ring of ice (300 gold, have 67).
   148 | D:1      | 148 ||| SHOPLISTING ring of positive energy (240 gold, have
                  | 67).
   148 | D:1      | 148 ||| SHOPLISTING ring of protection from fire (300 gold,
                  | have 67).
   175 | D:1      | Found a faded altar of an unknown god.
   699 | D:1      | 699 ||| UPGRADING to +0 leather armour.
   709 | D:1      | 709 ||| DROPPING +0 robe.
   710 | D:1      | 710 ||| UPGRADING to +5 ring of evasion.
   711 | D:1      | 711 ||| READING scroll labelled SACZIEDAFY.
   712 | D:1      | 712 ||| READING scroll labelled OTHI YSALAWN.
   713 | D:1      | 713 ||| READING 2 scrolls labelled PYISOY XEOGE.
   717 | D:1      | 717 ||| DROPPING scroll of poison.
   806 | D:2      | Found a stormy altar of Qazlal.
   851 | D:2      | Reached XP level 3. HP: 29/29 MP: 3/3
   936 | D:2      | Reached skill level 4 in Ranged Weapons
  1370 | D:2      | Reached XP level 4. HP: 36/36 MP: 4/4
  1446 | D:2      | 1446 ||| UPGRADING to +0 ring mail.
  1456 | D:2      | 1456 ||| DROPPING +0 leather armour.
  1457 | D:2      | 1457 ||| READING scroll labelled TAFOC ZAORIHAN.
  1458 | D:2      | 1458 ||| READING scroll labelled GUDAIT XOSK.
  1520 | D:2      | 1520 ||| READING scroll labelled KEC HITHROD.
  1521 | D:2      | 1521 ||| READING scroll labelled BADUHI MYJYI.
  1522 | D:2      | 1522 ||| DRINKING 2 metallic blue potions.
  1523 | D:2      | 1523 ||| DROPPING potion of degeneration.
  1554 | D:3      | Reached skill level 1 in Armour
  1689 | D:3      | Reached skill level 5 in Ranged Weapons
  1689 | D:3      | 1689 ||| FLEEEEING.
  1690 | D:3      | 1690 ||| FLEEEEING.
  1691 | D:3      | 1691 ||| FLEEEEING.
  1692 | D:3      | 1692 ||| FLEEEEING.
  1693 | D:3      | 1693 ||| FLEEEEING.
  1694 | D:3      | 1694 ||| FLEEEEING.
  1695 | D:3      | 1695 ||| FLEEEEING.
  1696 | D:3      | 1696 ||| FLEEEEING.
  1697 | D:3      | 1697 ||| FLEEEEING.
  1698 | D:3      | 1698 ||| FLEEEEING.
  1700 | D:3      | 1700 ||| FLEEEEING.
  1701 | D:3      | 1701 ||| FLEEEEING.
  1704 | D:3      | 1704 ||| FLEEEEING.
  1705 | D:3      | 1705 ||| FLEEEEING.
  1707 | D:3      | 1707 ||| FLEEEEING.
  1708 | D:3      | 1708 ||| FLEEEEING.
  1709 | D:3      | 1709 ||| FLEEEEING.
  1711 | D:3      | 1711 ||| FLEEEEING.
  1712 | D:3      | 1712 ||| FLEEEEING.
  1714 | D:3      | 1714 ||| FLEEEEING.
  1715 | D:3      | 1715 ||| FLEEEEING.
  1721 | D:3      | HP: 7/36 [orc wizard/magic dart (6)]
  1722 | D:3      | 1722 ||| READING 2 scrolls of teleportation.
  1722 | D:3      | HP: 1/36 [orc wizard/magic dart (6)]
  1723 | D:3      | Slain by a hobgoblin

Levels and vault maps discovered:
D:1:      dpeg_arrival_arbitrary_b, layout_loops_ring, serial_shops, shop_coins,
          chequers_ecumenical_altar_simple, nrook_campfire
D:2:      layout_basic, basic_altar, nicolae_concentric_dashed_squares_wild
D:3:      layout_loops_ring, tso_metal_star, minmay_between

Skill      XL: |  1  2  3  4 |
---------------+-------------+-----
Ranged Weapons | 3 4 5 |  5.0
Fighting       | 2 |  2.1
Armour         | 1 |  1.0
Dodging        | |  2.1
Spellcasting   | |  1.0
Hexes          | |  2.0

Action                     |  1- 3 |  4- 6 || total
---------------------------+-------+-------++-------
   Fire: Sling             |   120 |    43 ||   163
    Use: Scroll            |     3 |     5 ||     8
         Potion            |       |     1 ||     1
 Armour: Robe              |     4 |       ||     4
         Leather armour    |     3 |       ||     3
         Ring mail         |       |    12 ||    12
  Dodge: Dodged            |    42 |    16 ||    58

Table legend:
 A = Non-vault XP
 B = Vault XP
 C = Vault XP percentage of total XP
 D = Non-vault monster count
 E = Vault monster count
 F = Vault count percentage of total count
                 A         B        C        D         E       F
            +---------+---------+-------+---------+---------+-------
      Total |     150 |      12 |   7.4 |      51 |       6 |  10.5
            +---------+---------+-------+---------+---------+-------
        D:1 |      35 |       0 |   0.0 |      20 |       0 |   0.0
        D:2 |      68 |       0 |   0.0 |      20 |       0 |   0.0
        D:3 |      47 |      12 |  20.3 |      11 |       6 |  35.3
            +---------+---------+-------+---------+---------+-------
